 Dungeon Crawl Stone Soup version 0.30-a0-723-gc1506a1cf0 (webtiles) character file.

Game seed: 2775776829298266275

146 GiantSquids the Shooter (level 5, -6/41 HPs)
             Began as a Barachi Hunter on Jan 28, 2023.
             Mangled by a gnoll bouda
             ... wielding a +0 whip
              (8 damage)
             ... on level 4 of the Dungeon.
             The game lasted 00:04:02 (2564 turns).

GiantSquids the Shooter (Barachi Hunter)            Turns: 2564, Time: 00:04:02

Health: -6/41      AC:  5    Str: 12    XL:     5   Next: 28%
Magic:  5/5        EV: 12    Int:  9    God:
Gold:   131        SH:  0    Dex: 18    Spells: 4/4 levels left

rFire   + . .      SeeInvis .    a - +0 shortbow
rCold   . . .      Faith    .    (shield currently unavailable)
rNeg    . . .      Spirit   .    g - +0 ring mail
rPois   .          Reflect  .    (no helmet)
rElec   .          Harm     .    (no cloak)
rCorr   .          Rampage  .    (no gloves)
Will    .....                    (no boots)
Stlth   +                        (no amulet)
HPRegen 0.26/turn                o - ring of protection from fire
MPRegen 0.09/turn                (no ring)

@: unable to hop, slow
A: amphibious, slowness 1, strong legs 1, +LOS
a: Hop


You were on level 4 of the Dungeon.
You visited 1 branch of the dungeon, and saw 4 of its levels.

You collected 151 gold pieces.
You spent 20 gold pieces at shops.

Inventory:

Hand Weapons
 a - a +0 shortbow (weapon)
Armour
 g - a +0 ring mail (worn)
 l - a +0 chain mail
Jewellery
 o - a ring of protection from fire (left hand)
Scrolls
 b - 2 scrolls of immolation
 c - 2 scrolls of poison {unknown}
 d - 8 scrolls of identify
 e - 3 scrolls of vulnerability {unknown}
 f - 2 scrolls of teleportation {unknown}
 h - 2 scrolls of fog {unknown}
 j - a scroll of magic mapping {unknown}
 n - a scroll of acquirement {unknown}
 s - a scroll of noise {unknown}
Potions
 i - a potion of curing {unknown}
 k - a potion of ambrosia {unknown}
 m - a potion of cancellation {unknown}
 p - a potion of invisibility {unknown}
 q - 2 potions of flight {unknown}
 r - a potion of haste {unknown}
 t - a potion of brilliance {unknown}


   Skills:
 + Level 3.4 Fighting
 * Level 5.0 Ranged Weapons
 + Level 2.3 Armour
 + Level 3.2 Dodging
 - Level 0.8 Stealth


You had 4 spell levels left.
You didn't know any spells.
Your spell library contained the following spells:

 Spells                   Type           Power      Damage    Failure   Level
 Cigotuvi's Dreadful Rot  Necr/Pois/Air  0%         N/A       80%         2
 Poisonous Vapours        Pois/Air       0%         N/A       80%         2
 Mephitic Cloud           Conj/Pois/Air  0%         N/A       95%         3


Dungeon Overview and Level Annotations

Branches:
Dungeon (4/15)
 Temple: D:4-7

Altars:

Shops:
D:2 ?

Annotations:
D:3 1 runed translucent door, Crazy Yiuf


Innate Abilities, Weirdness & Mutations

You are amphibious.
You cover ground slowly.
You can hop short distances.
You have an extended range of vision and can be seen from far away.


Message History

The gnoll bouda is heavily wounded.
The gnoll bouda hits you with a +0 whip.
Fire: a) +0 shortbow
Press: ? - help, Shift-Dir - straight line, f/p - gnoll bouda
Aim: a gnoll bouda, wielding a +0 whip and wearing a +0 robe (heavily wounded, 68% to hit)
You shoot an arrow.
The arrow hits the gnoll bouda but does no damage.
The gnoll bouda is heavily wounded.
The gnoll bouda hits you with a +0 whip!
* * * LOW HITPOINT WARNING * * *
Fire: a) +0 shortbow
Press: ? - help, Shift-Dir - straight line, f/p - gnoll bouda
Aim: a gnoll bouda, wielding a +0 whip and wearing a +0 robe (heavily wounded, 68% to hit)
You shoot an arrow.
The arrow barely misses the gnoll bouda.
The gnoll bouda gazes fiercely through you!
You feel your attacks grow feeble. The gnoll bouda barely misses you.
Fire: a) +0 shortbow
Press: ? - help, Shift-Dir - straight line, f/p - gnoll bouda
Aim: a gnoll bouda, wielding a +0 whip and wearing a +0 robe (heavily wounded, 68% to hit)
You shoot an arrow.
The arrow barely misses the gnoll bouda.
The gnoll bouda hits you with a +0 whip!
* * * LOW HITPOINT WARNING * * *
The gnoll bouda barely misses you.
Fire: a) +0 shortbow
Press: ? - help, Shift-Dir - straight line, f/p - gnoll bouda
Aim: a gnoll bouda, wielding a +0 whip and wearing a +0 robe (heavily wounded, 68% to hit)
You shoot an arrow.
The arrow barely misses the gnoll bouda.
The gnoll bouda closely misses you.
Fire: a) +0 shortbow
Press: ? - help, Shift-Dir - straight line, f/p - gnoll bouda
Aim: a gnoll bouda, wielding a +0 whip and wearing a +0 robe (heavily wounded, 68% to hit)
You shoot an arrow.
The arrow barely misses the gnoll bouda.
Your attacks no longer feel as feeble.
The gnoll bouda hits you with a +0 whip!
You die...

#.##
#.........#
#.#
#.##.####.#
#.# #.##.#
#.# ..#
#.##.# #.#
### #.##.#
#.## #.##.#
#..# ######
##.# #.#
#@# #g# #.#
# #.#
.♣##♣. #†#
^...[..#†#
...).r.'.#
.......'.#
.......###


You could see a gnoll bouda.

Vanquished Creatures
  A hound (D:4)
  3 adders
  3 dart slugs
  2 orcs (D:3)
  6 ball pythons
  8 endoplasms
  5 giant cockroaches
  7 goblins
  3 hobgoblins
  8 jackals
  5 quokkas
  9 bats
  5 frilled lizards
  6 kobolds
  2 rats
73 creatures vanquished.

Notes
Turn   | Place    | Note
-------+----------+-------------------------------------------
     0 | D:1      | GiantSquids the Barachi Hunter began the quest for the Orb.
     0 | D:1      | Reached XP level 1. HP: 17/17 MP: 1/1
    80 | D:1      | Reached XP level 2. HP: 23/23 MP: 2/2
   270 | D:1      | Reached skill level 1 in Armour
   442 | D:1      | Reached XP level 3. HP: 26/28 MP: 3/3
   813 | D:2      | Found Azet's Magic Scroll Shoppe.
   832 | D:2      | Bought a scroll of identify for 20 gold pieces
   949 | D:2      | Found a faded altar of an unknown god.
  1122 | D:2      | Reached XP level 4. HP: 35/35 MP: 4/4
  1637 | D:3      | Found a runed translucent door.
  1638 | D:3      | Noticed Crazy Yiuf
  2555 | D:4      | Reached skill level 5 in Ranged Weapons
  2555 | D:4      | Reached XP level 5. HP: 36/41 MP: 5/5
  2562 | D:4      | HP: 1/41 [gnoll bouda/+0 whip (10)]
  2564 | D:4      | Mangled by a gnoll bouda

Illustrated notes

Levels and vault maps discovered:
D:1:      minmay_arrival_arboretum_small, layout_loops_ring
D:2:      layout_loops_cross, hellmonk_ecumenical_altar_zigzags, serial_shops,
          nicolae_shop_stone
D:3:      minmay_inner_zag, layout_loops_cross, uniq_crazy_yiuf_cottage
D:4:      layout_loops_ring, grunt_ministairs_13, kennysheep_dice

Skill      XL: |  1  2  3  4 |
---------------+-------------+-----
Armour         | 1 2 |  2.3
Fighting       | 3 |  3.4
Dodging        | 3 |  3.2
Ranged Weapons | 5 |  5.0
Stealth        | |  0.8

Action                     |  1- 3 |  4- 6 || total
---------------------------+-------+-------++-------
   Fire: Shortbow          |   103 |    89 ||   192
Ability: Hop               |       |     1 ||     1
 Armour: Leather armour    |     4 |       ||     4
         Ring mail         |    19 |    23 ||    42
  Dodge: Dodged            |    36 |    33 ||    69

Table legend: (Time is in decaauts)
 A = Elapsed time spent in this place.
 B = Non-inter-level travel time spent in this place.
 C = Inter-level travel time spent in this place.
 D = Time resting spent in this place.
 E = Time spent auto-exploring this place.
 F = Levels seen in this place.
 G = Mean time per level.
                   A        B        C        D        E       F      G
               +--------+--------+--------+--------+--------+-----+--------+
         Total |   3067 |   2979 |     88 |      0 |   2537 |   4 |  766.8 |
       Dungeon |   3067 |   2979 |     88 |      0 |   2537 |   4 |  766.8 |
               +--------+--------+--------+--------+--------+-----+--------+

Top non-repeatable levels by time:
     D:3: 1058 daAuts
     D:2: 919 daAuts
     D:1: 841 daAuts
     D:4: 247 daAuts
